Map: Dusk Towers

Players

Sugar

  • Race: Terran Terran
  • League: Master

xKawaiian - Winner!

  • Race: Terran Terran
  • League: Master

VOD

Have the link to the VOD?

Description

Time

  • Played on: Jan. 17, 2016, 6:11 p.m.
  • Length: 13:57
Show
View Real Time Build Order
Export as new Build Order

Sugar Terran 

Build Orders: 1/1/1, Bio Tank 

Get SALT Encoding   

  12  0:01  SCV  
  13  0:13  SCV  
  14  0:18  Supply Depot  
  14  0:25  SCV  
  15  0:31  Refinery  
  15  0:39  SCV  
  16  0:45  Barracks  
  16  0:51  SCV  
  17  0:57  Refinery  
  17  1:03  SCV  
  18  1:15  SCV  
  19  1:32  Orbital Command  
  19  1:33  Reaper  
  20  1:40  Factory  
  20  1:50  Supply Depot  
  20  1:58  SCV  
  21  2:05  Reaper  
  22  2:10  SCV  
  23  2:22  SCV  
  24  2:24  Hellion, Starport  
  24  2:29  Supply Depot  
  26  2:40  SCV  
  26  2:43  Barracks Reactor  
  27  2:49  Factory Tech Lab  
  27  3:05  Command Center  
  27  3:07  Starport Tech Lab  
  27  3:09  Cyclone  
  29  3:15  SCV  
  29  3:20  Marine x2  
  29  3:23  Supply Depot  
  31  3:30  SCV  
  32  3:37  Marine  
  32  3:38  Marine  
  34  3:56  Marine x2  
  39  4:03  Raven  
  39  4:05  SCV, Hellion  
  39  4:09  Supply Depot  
  41  4:30  SCV, Orbital Command  
  42  4:32  Siege Tank  
  45  4:42  SCV  
  38  4:53  Marine x2  
  38  4:54  SCV  
  41  5:00  Barracks x2  
  41  5:04  Siege Tank, Starport Reactor  
  41  5:05  SCV  
  37  5:22  Marine  
  37  5:23  Marine  
  37  5:24  SCV  
  39  5:28  SCV  
  39  5:36  SCV, Siege Tank  
  39  5:40  SCV, Marine  
  45  5:48  SCV  
  45  5:49  Marine x2  
  44  5:50  Viking, Stimpack  
  44  5:54  SCV  
  46  6:00  SCV  
  46  6:01  Refinery  
  46  6:02  Supply Depot, Engineering Bay, Marine  
  46  6:03  Marine  
  49  6:11  SCV  
  49  6:17  Marine x2  
  51  6:19  Siege Tank  
  51  6:20  SCV  
  51  6:23  SCV  
  56  6:30  Refinery, Missile Turret  
  56  6:32  SCV  
  57  6:33  Supply Depot  
  57  6:34  Marine x2  
  57  6:35  Medivac  
  57  6:37  SCV  
  62  6:41  Marine x2  
  62  6:44  SCV  
  65  6:47  Supply Depot  
  65  6:49  SCV  
  65  6:52  Marine x2  
  65  6:53  Supply Depot  
  68  6:56  SCV  
  68  6:59  Marine  
  70  7:06  Siege Tank  
  70  7:07  Medivac  
  75  7:09  SCV x2  
  75  7:10  Marine  
  78  7:21  SCV  
  78  7:22  SCV  
  80  7:23  Command Center  
  80  7:26  Marine x3  
  80  7:29  Missile Turret  
  83  7:31  Medivac  
  83  7:33  SCV  
  83  7:34  SCV  
  83  7:35  Supply Depot  
  83  7:36  Supply Depot  
  87  7:38  Terran Infantry Weapons Level 1  
  87  7:45  SCV  
  87  7:49  Marine x2  
  87  7:50  Medivac  
  92  7:52  Marine  
  92  7:53  Combat Shields  
  92  7:56  Siege Tank  
  96  7:59  SCV  
  95  8:11  Marine  
  95  8:12  Marine x3  
  66  8:28  SCV  
  66  8:29  Siege Tank, Marine  
  66  8:31  Marine x2  
  66  8:33  SCV  
  74  8:42  Missile Turret  
  74  8:49  SCV  
  74  8:54  Barracks Reactor  
  74  8:55  Medivac x2  
  79  8:56  SCV  
  79  9:01  SCV, Siege Tank  
  84  9:13  SCV  
  85  9:22  Missile Turret  
  85  9:23  Sensor Tower  
  84  9:33  Siege Tank  
  84  9:35  Orbital Command  
  86  9:38  SCV  
  87  9:46  Barracks x2  
  87  9:48  SCV  
  88  9:55  Marine x4  
  88  9:59  SCV  
  93  10:02  Sensor Tower  
  93  10:04  Terran Infantry Armor Level 1, Engineering Bay  
  93  10:05  Siege Tank, Marine  
  97  10:07  SCV  
  97  10:13  SCV  
  97  10:14  SCV  
  100  10:19  SCV  
  100  10:22  Marine x3  
  100  10:25  SCV  
  100  10:26  SCV  
  105  10:32  Marine, Medivac x2  
  112  10:36  SCV  
  112  10:37  SCV, Siege Tank  
  112  10:38  Marine  
  112  10:39  Barracks Reactor x2  
  116  10:48  SCV  
  117  10:50  SCV, Barracks  
  117  10:51  Barracks  
  117  10:52  Barracks  
  117  10:56  SCV  
  119  10:58  Refinery x2  
  119  11:00  Armory  
  119  11:01  Supply Depot  
  119  11:02  Supply Depot  
  119  11:03  Marine  
  120  11:04  Marine  
  120  11:06  SCV  
  120  11:08  Marine  
  120  11:09  Marine  
  123  11:15  SCV  
  123  11:17  Supply Depot  
  124  11:18  Supply Depot  
  124  11:20  Supply Depot  
  124  11:23  SCV, Siege Tank  
  128  11:27  Missile Turret  
  128  11:29  Missile Turret  
  128  11:32  Marine  
  122  11:56  Siege Tank  
  122  11:58  Missile Turret  
  115  12:03  SCV  
  111  12:10  SCV  
  111  12:11  Barracks Reactor x3, Marine x2  
  111  12:12  Marine  
  111  12:14  Medivac  
  111  12:15  Medivac  
  119  12:20  Marine  
  119  12:21  Marine x5  
  125  12:28  Siege Tank  
  128  12:37  Missile Turret  
  128  12:38  Missile Turret  
  126  12:49  SCV x2  
  127  12:52  Missile Turret  
  127  12:59  SCV  
  127  13:05  Siege Tank  
  131  13:06  Marine x4, Medivac x2  
  136  13:29  Marine x2  
  136  13:31  Marine x3  
  136  13:32  Marine  
  121  13:35  Marine  
  121  13:37  Marine x2  
  121  13:38  Marine  
Show
View Real Time Build Order
Export as new Build Order

xKawaiian Terran - Winner!

Build Orders: 1/1/1, Cyclone Opening, Bio Tank 

Get SALT Encoding   

  12  0:00  SCV  
  13  0:13  SCV  
  14  0:17  Supply Depot  
  14  0:25  SCV  
  15  0:39  SCV, Barracks  
  16  0:45  Refinery  
  16  0:51  SCV  
  16  0:54  Refinery  
  17  1:03  SCV  
  18  1:15  SCV  
  19  1:27  Marine  
  19  1:28  Orbital Command  
  20  1:33  Factory  
  20  1:42  Supply Depot  
  20  1:45  Marine  
  21  1:54  SCV  
  22  2:02  Marine  
  22  2:06  SCV  
  24  2:17  Starport  
  24  2:18  SCV, Factory Tech Lab  
  24  2:20  Marine  
  26  2:26  Supply Depot  
  26  2:37  Cyclone  
  26  2:39  Marine  
  26  2:40  SCV  
  31  2:51  Supply Depot  
  31  2:53  SCV  
  31  2:54  Medivac  
  34  2:59  Marine  
  35  3:06  SCV  
  35  3:11  Liberator  
  36  3:18  Marine  
  37  3:20  SCV  
  37  3:24  Engineering Bay  
  37  3:25  Supply Depot  
  41  3:36  Supply Depot, Marine  
  42  3:45  Siege Tank  
  45  3:59  Marine  
  46  4:13  Command Center, Liberator  
  46  4:17  Marine  
  50  4:32  SCV  
  50  4:35  Marine  
  52  4:49  Siege Tank  
  52  4:52  Marine  
  43  4:54  SCV  
  43  4:58  Barracks  
  45  5:04  Barracks  
  45  5:12  Marine  
  43  5:21  Siege Tank  
  43  5:24  SCV, Starport Reactor  
  47  5:31  Orbital Command  
  47  5:34  Barracks Reactor  
  43  5:52  Barracks Tech Lab  
  43  5:53  Barracks Reactor, Siege Tank  
  43  5:54  SCV  
  43  6:01  SCV, Medivac  
  46  6:06  SCV  
  47  6:11  Marine x2  
  47  6:14  SCV  
  47  6:17  Marine  
  47  6:18  SCV  
  52  6:19  Stimpack  
  52  6:23  Supply Depot, Refinery  
  52  6:25  Supply Depot  
  52  6:29  SCV, Marine  
  52  6:31  Marine x2  
  56  6:34  SCV  
  56  6:36  Medivac  
  56  6:37  Marine  
  60  6:41  SCV  
  60  6:44  Marine  
  60  6:46  SCV  
  60  6:47  Marine  
  63  6:49  Marine  
  63  6:51  Marine  
  63  6:53  SCV  
  67  6:57  Supply Depot  
  67  6:58  SCV  
  67  6:59  Supply Depot  
  68  7:02  Medivac  
  68  7:05  SCV  
  68  7:07  Marine x2  
  73  7:13  Marine x2  
  75  7:21  SCV x2  
  77  7:23  Command Center  
  77  7:28  Terran Infantry Weapons Level 1  
  77  7:29  Marine  
  78  7:33  SCV  
  78  7:36  Siege Tank  
  82  7:38  Refinery  
  82  7:42  Supply Depot, Marine x2  
  82  7:44  Marine  
  84  7:45  Marine  
  84  7:48  SCV x2  
  84  7:50  Marine  
  89  7:57  Armory  
  87  8:07  Marine  
  87  8:09  Marine  
  85  8:16  Siege Tank, Marine x2  
  85  8:19  Combat Shields  
  90  8:26  Marine  
  83  8:29  Marine  
  83  8:30  SCV  
  75  8:34  SCV, Barracks  
  75  8:36  Engineering Bay  
  75  8:37  Supply Depot, Barracks  
  75  8:38  Supply Depot, Marine x2  
  78  8:44  Orbital Command  
  78  8:47  SCV  
  79  8:50  Medivac  
  79  8:54  Medivac  
  83  8:56  SCV  
  83  9:01  Siege Tank  
  87  9:07  Marine x2  
  87  9:09  Orbital Command  
  89  9:12  SCV  
  89  9:14  SCV  
  91  9:20  Marine x3  
  91  9:22  Medivac  
  91  9:23  Barracks Reactor  
  96  9:24  Medivac  
  96  9:27  Barracks Reactor  
  96  9:28  Marine  
  99  9:35  SCV  
  100  9:41  Marine x2  
  100  9:42  Terran Infantry Weapons Level 2, Marine  
  100  9:43  Terran Infantry Armor Level 1  
  100  9:44  Marine  
  103  9:45  Marine  
  103  9:53  SCV  
  103  9:56  Terran Vehicle Weapons Level 1  
  103  9:59  Marine x3  
  106  10:02  Marine  
  106  10:05  Command Center  
  106  10:06  Refinery  
  108  10:07  Refinery  
  108  10:08  SCV x2  
  108  10:09  Marine  
  108  10:11  Medivac  
  108  10:13  Medivac  
  115  10:15  Marine  
  115  10:16  Marine  
  115  10:17  Marine  
  115  10:21  SCV  
  119  10:28  Barracks  
  119  10:29  Barracks  
  119  10:34  Factory  
  119  10:35  Marine x4  
  123  10:44  Missile Turret  
  123  10:47  Missile Turret, Marine  
  123  10:48  Missile Turret  
  123  10:49  Marine  
  125  10:53  SCV x2  
  125  10:54  Marine x2  
  129  10:59  Siege Tank  
  129  11:01  Medivac  
  134  11:05  Missile Turret  
  134  11:08  Marine x2  
  134  11:09  Missile Turret, Marine  
  134  11:11  Marine  
  137  11:12  Marine, Medivac  
  137  11:13  Marine  
  141  11:22  Marine  
  141  11:23  Marine  
  143  11:26  Marine x2  
  143  11:29  Barracks Reactor x2  
  143  11:30  Factory Tech Lab  
  143  11:31  Siege Tank, Medivac  
  150  11:34  Marine x2  
  150  11:37  Supply Depot  
  150  11:38  SCV  
  153  11:41  SCV x2  
  153  11:43  Marine  
  156  11:50  Medivac  
  156  11:55  Marine x2  
  156  11:59  Marine x3  
  156  12:00  Marine x2  
  156  12:01  Medivac  
  145  12:08  Marine  
  141  12:09  Siege Tank  
  141  12:11  SCV  
  141  12:15  Planetary Fortress  
  145  12:16  SCV  
  145  12:20  Medivac  
  145  12:21  Siege Tank  
  145  12:22  Marine  
  152  12:23  Marine  
  152  12:24  Marine  
  152  12:29  Marauder, Marine  
  157  12:39  Marine x3  
  157  12:41  Siege Tank  
  157  12:42  Marine  
  162  12:45  Marine  
  162  12:49  Supply Depot  
  155  12:52  Medivac  
  155  12:53  Supply Depot, Siege Tank  
  158  12:59  Marine  
  158  13:01  Medivac  
  161  13:08  Marine x2  
  161  13:10  Marine  
  164  13:13  Siege Tank  
  164  13:14  SCV x2  
  164  13:21  Marine x2  
  164  13:22  Medivac  
  158  13:28  Marine  
  157  13:38  Marine  
  157  13:39  Marine  
Tags
 
Add a new tag
Caveats
  • Supply blocks, unpowered buildings, or Contaminate may cause inaccurate times.
  • Supply counts are checked every 10 seconds.